[ AOE2 MATCH · #487339389 ]
UnrankedBritons vs Poles
Player's team · LOSS
Rival team · WIN
[ REPLAY ANALYSIS · EXTRACTED FROM THE RECORDED GAME ]
Feudal
9:32
Castle
20:13
Imperial
36:39
| APM avg | 21.2 |
| APM peak | 53 |
| eAPM avg | 19.6 |
| Villagers / military | 110 / 558 |
Focus
⚔️ 61.5% · 🌾 38.5%
Spearman ×258 · Archer ×115 · Scout Cavalry ×67 · Skirmisher ×37 · Battering Ram ×33 · Longbowman ×31
Feudal
10:07
Castle
19:46
Imperial
31:58
| APM avg | 14.8 |
| APM peak | 44 |
| eAPM avg | 12.7 |
| Villagers / military | 110 / 323 |
Focus
⚔️ 49.2% · 🌾 50.8%
Scout Cavalry ×141 · Obuch ×120 · Scorpion ×25 · Bombard Cannon ×15 · Trebuchet (Packed) ×13 · Petard ×4
Match map
Initial resources + every placement click. Lines = walls · curves = elevation contours. ◆ gold · ⬟ stone · ● berries · ✦ relic · ◌ wall gap
Your base· ✓ Closed at 20:13 · 0t walls · 3 gate(s)
Limoncello's base· ✓ Closed at 19:46 · 0t walls · 3 gate(s)
Smoothed initial terrain · ◌ = detected wall gap · hover for details
Inputs per minute
— vortic - - Limoncello
Build order — vortic
First 150 of 879 actions detected
| 0:13 | Build | House |
| 0:13 | Research | Loom |
| 0:14 | Create | Villager (Male) |
| 0:14 | Create | Villager (Male) |
| 0:36 | Build | House |
| 0:37 | Build | House |
| 1:28 | Create | Villager (Male) |
| 1:42 | Create | Villager (Male) |
| 2:00 | Create | Villager (Male) |
| 2:23 | Create | Villager (Male) |
| 2:48 | Create | Villager (Male) |
| 3:14 | Create | Villager (Male) |
| 3:32 | Create | Villager (Male) |
| 4:02 | Create | Villager (Male) |
| 4:28 | Build | Mill |
| 4:31 | Create | Villager (Male) |
| 5:02 | Create | Villager (Male) |
| 5:17 | Create | Villager (Male) |
| 5:40 | Create | Villager (Male) |
| 6:09 | Build | Lumber Camp |
| 6:15 | Create | Villager (Male) |
| 6:51 | Create | Villager (Male) |
| 7:00 | Build | House |
| 7:22 | Research | Feudal Age |
| 9:02 | Create | Villager (Male) |
| 9:32 | Age | Feudal Age |
| 9:34 | Research | Double-Bit Axe |
| 9:55 | Research | Horse Collar |
| 9:57 | Create | Villager (Male) |
| 10:15 | Create | Villager (Male) |
| 10:32 | Create | Villager (Male) |
| 10:58 | Create | Villager (Male) |
| 11:14 | Build | House |
| 11:16 | Build | House |
| 11:18 | Create | Villager (Male) |
| 12:19 | Create | Villager (Male) |
| 12:42 | Build | House |
| 12:43 | Build | House |
| 12:46 | Build | Mining Camp |
| 12:55 | Create | Villager (Male) |
| 12:56 | Create | Villager (Male) |
| 13:13 | Build | Farm |
| 13:14 | Build | Farm |
| 13:16 | Build | Farm |
| 13:18 | Build | Farm |
| 13:19 | Build | Farm |
| 13:20 | Build | Farm |
| 13:22 | Build | Farm |
| 13:25 | Build | Farm |
| 13:28 | Build | Farm |
| 13:31 | Create | Villager (Male) |
| 13:54 | Build | Farm |
| 14:10 | Create | Villager (Male) |
| 14:17 | Research | Gold Mining |
| 14:23 | Create | Villager (Male) |
| 14:50 | Build | Barracks |
| 14:52 | Create | Villager (Male) |
| 15:28 | Create | Villager (Male) |
| 15:29 | Create | Villager (Male) |
| 16:02 | Build | Archery Range |
| 16:07 | Create | Villager (Male) |
| 16:22 | Create | Villager (Male) |
| 16:25 | Build | Farm |
| 16:26 | Build | Farm |
| 16:28 | Build | Farm |
| 16:29 | Build | Farm |
| 16:32 | Build | Farm |
| 16:41 | Create | Villager (Male) |
| 16:57 | Build | Stable |
| 17:31 | Research | Castle Age |
| 17:44 | Build | Blacksmith |
| 17:52 | Create | Villager (Male) |
| 17:57 | Build | Mining Camp |
| 18:01 | Research | Stone Mining |
| 18:36 | Create | Villager (Male) |
| 18:42 | Build | Market |
| 20:13 | Age | Castle Age |
| 20:18 | Build | Town Center |
| 20:22 | Create | Villager (Male) |
| 20:24 | Research | Bow Saw |
| 20:27 | Research | Heavy Plow |
| 20:30 | Research | Gold Shaft Mining |
| 20:47 | Create | Scout Cavalry |
| 20:47 | Create | Scout Cavalry |
| 21:13 | Build | Monastery |
| 21:17 | Build | University |
| 21:19 | Create | Villager (Male) |
| 21:38 | Build | House |
| 21:38 | Build | House |
| 21:42 | Build | House |
| 21:45 | Build | House |
| 21:46 | Build | House |
| 21:47 | Build | House |
| 21:47 | Build | House |
| 21:48 | Build | House |
| 21:49 | Build | House |
| 21:50 | Build | House |
| 21:51 | Build | House |
| 21:53 | Build | House |
| 21:56 | Build | House |
| 21:57 | Build | House |
| 21:58 | Build | House |
| 21:58 | Build | House |
| 21:58 | Build | House |
| 21:58 | Build | House |
| 21:59 | Build | House |
| 21:59 | Build | House |
| 21:59 | Build | House |
| 22:00 | Build | House |
| 22:00 | Build | House |
| 22:00 | Build | House |
| 22:03 | Create | Villager (Male) |
| 22:03 | Create | Villager (Male) |
| 22:16 | Create | Monk |
| 22:16 | Create | Monk |
| 22:25 | Create | Villager (Male) |
| 22:25 | Create | Villager (Male) |
| 22:26 | Create | Villager (Male) |
| 22:26 | Create | Villager (Male) |
| 22:28 | Create | Villager (Male) |
| 22:57 | Build | Lumber Camp |
| 22:59 | Create | Villager (Male) |
| 23:00 | Create | Villager (Male) |
| 23:10 | Build | Siege Workshop |
| 23:23 | Research | Light Cavalry (upgrade) |
| 23:24 | Create | Scout Cavalry |
| 23:39 | Build | Stable |
| 23:42 | Build | Stable |
| 23:44 | Build | Stable |
| 23:47 | Build | Stable |
| 23:53 | Create | Villager (Male) |
| 24:16 | Research | Crossbowman (upgrade) |
| 24:16 | Create | Archer |
| 24:16 | Create | Archer |
| 24:17 | Create | Archer |
| 24:17 | Create | Archer |
| 24:18 | Create | Archer |
| 24:20 | Create | Villager (Male) |
| 24:28 | Build | Stable |
| 24:31 | Build | Stable |
| 24:53 | Create | Villager (Male) |
| 24:54 | Create | Villager (Male) |
| 25:05 | Build | Mining Camp |
| 25:12 | Create | Villager (Male) |
| 25:12 | Create | Villager (Male) |
| 25:13 | Create | Villager (Male) |
| 25:35 | Create | Scout Cavalry |
| 25:59 | Build | Barracks |
| 26:00 | Build | Barracks |
| 26:02 | Build | Barracks |
Build order — Limoncello
First 150 of 324 actions detected
| 0:01 | Create | Villager (Male) |
| 0:01 | Create | Villager (Male) |
| 0:01 | Create | Villager (Male) |
| 0:02 | Create | Villager (Male) |
| 0:02 | Create | Villager (Male) |
| 0:03 | Build | House |
| 0:05 | Build | House |
| 1:14 | Create | Villager (Male) |
| 1:46 | Create | Villager (Male) |
| 1:51 | Build | Lumber Camp |
| 2:15 | Create | Villager (Male) |
| 2:38 | Create | Villager (Male) |
| 3:03 | Build | House |
| 3:15 | Create | Villager (Male) |
| 3:53 | Create | Villager (Male) |
| 4:10 | Create | Villager (Male) |
| 4:30 | Create | Villager (Male) |
| 4:59 | Create | Villager (Male) |
| 5:21 | Create | Villager (Male) |
| 5:26 | Build | House |
| 5:46 | Create | Villager (Male) |
| 6:09 | Create | Villager (Male) |
| 6:42 | Build | Mill |
| 6:46 | Create | Villager (Male) |
| 7:19 | Create | Villager (Male) |
| 7:57 | Research | Feudal Age |
| 9:05 | Build | Barracks |
| 9:41 | Create | Villager (Male) |
| 9:42 | Create | Villager (Male) |
| 10:07 | Age | Feudal Age |
| 10:12 | Build | Stable |
| 10:16 | Create | Villager (Male) |
| 10:23 | Create | Villager (Male) |
| 10:36 | Build | Mining Camp |
| 10:38 | Create | Villager (Male) |
| 10:46 | Create | Scout Cavalry |
| 10:47 | Create | Scout Cavalry |
| 10:47 | Create | Scout Cavalry |
| 11:04 | Create | Scout Cavalry |
| 11:18 | Build | Farm |
| 11:19 | Build | Farm |
| 11:19 | Build | Farm |
| 11:19 | Build | Farm |
| 11:19 | Build | Farm |
| 11:20 | Build | Farm |
| 11:20 | Build | Farm |
| 11:25 | Create | Villager (Male) |
| 11:59 | Build | House |
| 12:00 | Build | House |
| 12:02 | Build | House |
| 12:12 | Research | Bloodlines |
| 12:22 | Build | House |
| 12:32 | Research | Horse Collar |
| 12:34 | Research | Double-Bit Axe |
| 13:07 | Create | Villager (Male) |
| 13:17 | Build | House |
| 13:18 | Build | House |
| 13:27 | Create | Villager (Male) |
| 13:33 | Build | Farm |
| 13:33 | Build | Farm |
| 13:34 | Build | Farm |
| 13:35 | Build | Farm |
| 13:50 | Create | Villager (Male) |
| 14:09 | Build | Blacksmith |
| 14:15 | Create | Villager (Male) |
| 14:42 | Build | House |
| 14:44 | Build | House |
| 15:00 | Build | Market |
| 15:54 | Build | Stable |
| 16:10 | Build | Lumber Camp |
| 17:06 | Research | Castle Age |
| 17:17 | Build | Farm |
| 17:17 | Build | Farm |
| 17:17 | Build | Farm |
| 17:17 | Build | Farm |
| 17:18 | Build | Farm |
| 17:18 | Build | Farm |
| 17:18 | Build | Farm |
| 17:19 | Build | Farm |
| 17:19 | Build | Farm |
| 17:43 | Build | Mining Camp |
| 18:37 | Create | Scout Cavalry |
| 18:37 | Create | Scout Cavalry |
| 18:37 | Create | Scout Cavalry |
| 18:38 | Create | Scout Cavalry |
| 19:46 | Age | Castle Age |
| 19:49 | Research | Heavy Plow |
| 19:52 | Research | Bow Saw |
| 19:55 | Create | Villager (Male) |
| 19:55 | Create | Villager (Male) |
| 20:24 | Build | Town Center |
| 20:30 | Create | Villager (Male) |
| 20:37 | Research | Husbandry |
| 21:17 | Create | Villager (Male) |
| 21:18 | Create | Villager (Male) |
| 21:31 | Research | Gold Mining |
| 21:31 | Research | Stone Mining |
| 21:49 | Research | Stone Mining |
| 21:52 | Create | Villager (Male) |
| 21:57 | Create | Villager (Male) |
| 21:58 | Create | Villager (Male) |
| 22:21 | Create | Villager (Male) |
| 22:21 | Create | Villager (Male) |
| 22:45 | Research | Light Cavalry (upgrade) |
| 22:50 | Create | Villager (Male) |
| 22:50 | Create | Villager (Male) |
| 23:20 | Create | Villager (Male) |
| 23:20 | Create | Villager (Male) |
| 23:43 | Build | Town Center |
| 23:50 | Create | Villager (Male) |
| 23:51 | Create | Villager (Male) |
| 24:05 | Build | Mill |
| 24:13 | Create | Villager (Male) |
| 24:13 | Create | Villager (Male) |
| 24:13 | Create | Villager (Male) |
| 24:32 | Create | Villager (Male) |
| 24:58 | Build | Farm |
| 24:58 | Build | Farm |
| 24:58 | Build | Farm |
| 24:59 | Build | Farm |
| 24:59 | Build | Farm |
| 24:59 | Build | Farm |
| 25:04 | Create | Villager (Male) |
| 25:05 | Create | Villager (Male) |
| 25:05 | Create | Villager (Male) |
| 25:39 | Build | Castle |
| 25:43 | Create | Villager (Male) |
| 25:43 | Create | Villager (Male) |
| 25:43 | Create | Villager (Male) |
| 25:56 | Create | Villager (Male) |
| 26:11 | Create | Villager (Male) |
| 26:14 | Create | Scout Cavalry |
| 26:14 | Create | Scout Cavalry |
| 26:15 | Create | Scout Cavalry |
| 26:28 | Research | Scale Barding Armor |
| 27:10 | Build | Mining Camp |
| 27:14 | Create | Obuch ×5 |
| 27:37 | Build | Monastery |
| 27:43 | Research | Wheelbarrow |
| 28:08 | Create | Monk |
| 28:48 | Research | Imperial Age |
| 29:26 | Create | Villager (Male) |
| 29:26 | Create | Villager (Male) |
| 29:27 | Create | Villager (Male) |
| 29:27 | Create | Villager (Male) |
| 29:27 | Create | Villager (Male) |
| 29:41 | Create | Petard |
| 29:41 | Create | Petard |
| 29:41 | Create | Petard |
| 29:42 | Create | Petard |
Match timeline
| 9:05 | Limoncello · first_building Barracks |
| 9:32 | vortic · age_up feudal |
| 10:07 | Limoncello · age_up feudal |
| 10:12 | Limoncello · first_building Stable |
| 14:50 | vortic · first_building Barracks |
| 16:02 | vortic · first_building Archery Range |
| 16:50 | Limoncello · first_market_buy 100 food |
| 16:57 | vortic · first_building Stable |
| 19:46 | Limoncello · age_up castle |
| 20:13 | vortic · age_up castle |
| 21:13 | vortic · first_building Monastery |
| 23:10 | vortic · first_building Siege Workshop |
| 25:39 | Limoncello · first_building Castle |
| 27:37 | Limoncello · first_building Monastery |
| 28:29 | vortic · first_building Castle |
| 30:58 | Limoncello · first_market_sell 100 wood |
| 31:58 | Limoncello · age_up imperial |
| 33:21 | vortic · first_market_sell 100 wood |
| 33:24 | vortic · first_market_buy 100 food |
| 36:39 | vortic · age_up imperial |
| 37:10 | Limoncello · first_building Siege Workshop |
| 66:42 | vortic · resign |
[ AI ANALYSIS · 1 CREDIT ]
What really happened in this match?
Wolo.gg analyzes every decision: build order, eco, micro, common mistakes by bracket. Personalized analysis on WhatsApp or Discord in 30 seconds.
Civ guide
Britons
Perfil
Jugador #5450078